 BcadrenCrawl: Boulder Brew version 0.05.31-3-gcaf07abfe3 (webtiles) character file.

Game seed: 12050605957485973182, levelgen mode: deterministic

133 Heedrag the Firebug (level 4, 0/4 HPs) Fairy Fire Elementalist. Began on Sept 18, 2021. Slain by a cinder newt (1 damage) ... on level 2 of the Dungeon. The game lasted 00:04:09 (795 turns).

Heedrag the Firebug (Fairy Fire Elementalist)        Turns: 795, Time: 00:04:10

Health: 0/4        AC:  0    Str:  2    XL:     4 ^: 5
Magic:  3/3        EV: 24    Int: 18    God:
Gold:   80         SH:  0    Dex: 18    Spells: 9/10 levels left

rFire    . . .     Vision   .   (no jewelry)
rCold    . . .     Gourm    .
rNeg     . . .     Faith    .
rCorr    . . .     Spirit   .
rPois    .         Reflect  .
rElec    .         Harm     .
MR       .....
Stlth    +.........
HPRegen  0.11/turn
MPRegen  0.13/turn

@: glowing, slow
A: tiny, no armour or weapons, only one jewelry slot, no melee attacks, fairy
magic, fairy shield, decreased potion and divine healing, unfitting armour,
flight, slowness 1, fairy light 1, insubstantial
a: Fly


You were on level 2 of the Dungeon.
You were not hungry.

You visited 1 branch of the dungeon, and saw 2 of its levels.

You collected 80 gold pieces.

Inventory:

Jewellery
 e - a cursed amulet of faith {(Curse: Str-2)}
Scrolls
 a - a scroll of teleportation
 d - a scroll of holy word
 g - a scroll of fear
Potions
 c - a potion of curing
 f - a potion of heal wounds
Comestibles
 b - 2 rations


   Skills:
 - Level 2.6 Dodging
 - Level 1.4 Stealth
 + Level 3.7 Spellcasting
 * Level 5.5 Fire Magic


You had 9 spell levels left.
You knew the following spells:

 Your Spells              Type           Power        Failure   Level  Hunger
a - Foxfire               Fire           23 (25)      1%          1    0

Your spell library contained the following spells:

 Spells                   Type           Power        Failure   Level  Hunger
 Searing Ray Fire 23 (50) 2% 2 13-53 Conjure Flame Fire 23 (100) 4% 3 53-113 Inner Flame Hex/Fire 13 (100) 14% 3 53-113 Fireball Fire 23 (200) 41% 5 253-413 Sticky Flame Fire/Pois      13 (100)     43%         4    133-233


Dungeon Overview and Level Annotations

Branches:
Dungeon (2/8)

Altars:


Innate Abilities, Weirdness & Mutations

You are too small to use any gear.
You can wear a single ring or amulet completely around your body.
You are incapable of melee of any kind.
Your magic reserves are extremely low but spells that normally cost one mana are free and all other spells cost one mana.
You are extremely frail but all attacks that strike you do exactly one damage.
The effect of potions and godly healing effects is reduced to match your tiny health and magic reserves.
You are able to fly continuously.
You cover ground slowly.
You exude a bright light in a small radius around yourself.
Your insubstantial form boosts your evasion and grants immunity to sticky flames, nets and constriction.


Message History

You conjure some foxfire!
The cinder newt completely misses you (0).
Unknown command.
The foxfire hits the cinder newt but does no damage (0).
The cinder newt is moderately wounded. (9/12) HP The foxfire hits the cinder newt (0).
The cinder newt completely resists.
The cinder newt is moderately wounded. (9/12) HP The cinder newt bites you (1).
Casting: Foxfire (safe; 1% risk of failure)
Confirm with . or Enter, or press ? or * to list all spells.
You conjure some foxfire!
The cinder newt misses you (0).
Unknown command.
Unknown command.
Do you really want to walk into your foxfire?
You swap places.
The foxfire hits you (4).
* * * LOW HITPOINT WARNING * * *
The foxfire hits the cinder newt but does no damage (0).
The cinder newt is moderately wounded. (9/12) HP The cinder newt bites you (2).
You die...

≈≈≈≈ ##≈≈≈..## ..≈≈≈
##..≈...≈# #PP...≈
##≈.###..## #P≈.≈≈.#
#..###.≈≈#
..≈.≈≈.≈####.≈##..)##
..≈.>≈...#≈†≈##....≈#
#.≈≈.≈≈..≈.≈.#≈..#≈##
.≈≈b...#≈..##...≈###
..≈≈≈..#@..#≈.<###
..P≈≈.wl#≈.##..#
..≈≈≈§.###..#.≈≈
..b≈≈≈. #.####.#
.≈≈≈≈≈. ≈≈≈ ..
..≈≈≈.. ≈P≈≈ .≈≈
.≈≈≈≈.≈ ≈≈≈≈ .≈≈
P≈≈≈≈≈≈ ≈≈≈≈.≈≈
≈≈≈≈≈≈≈


You could see a worm and a cinder newt.

Vanquished Creatures
  A jelly (D:2)
  2 giant cockroaches
  A gnoll (D:1)
  4 cinder newts (D:1)
  A dart slug (D:1)
  A leopard gecko (D:1)
  A cinder newt skeleton (D:2)
  5 goblins (D:1)
  10 hobgoblins (D:1)
  4 bats (D:1)
  3 kobolds (D:1)
  5 rats (D:1)
38 creatures vanquished.

Vanquished Creatures (others)
  127 foxfires
  11 withered plants (D:2)
138 creatures vanquished.

Grand Total: 176 creatures vanquished

Notes
Turn   | Place    | Note
-------+----------+-------------------------------------------
     0 | D:1      | Heedrag the Fairy Fire Elementalist began the quest for the
                  | Orb.
     0 | D:1      | Reached XP level 1. HP: 3/3 MP: 3/3
    35 | D:1      | Reached XP level 2. HP: 3/3 MP: 3/3
    44 | D:1      | Reached skill level 4 in Fire Magic
   237 | D:1      | Reached XP level 3. HP: 4/4 MP: 3/3
   374 | D:1      | Reached skill level 5 in Fire Magic
   381 | D:1      | Reached XP level 4. HP: 4/4 MP: 3/3
   795 | D:2      | Slain by a cinder newt

Levels and vault maps discovered:
D:1:      dpeg_arrival_stonehenge_12_columns, layout_rooms, first_ration
D:2:      layout_sewer

Skill      XL: |  1  2  3 |
---------------+----------+-----
Fire Magic     | 4 5 |  5.5
Spellcasting   | 3 |  3.7
Dodging        | |  2.6
Stealth        | |  1.4

Action                   |  1- 3 |  4- 6 || total
-------------------------+-------+-------++-------
 Cast: Foxfire           |    42 |    41 ||    83
Dodge: Dodged            |    41 |    24 ||    65
